PBL
AMERICUS BRAVES @ PORTLAND ANGELS
09/21/2047
 
TOP OF THE 1ST
Americus Braves batting - Pitching for Portland Angels : LHP Jon Ray
Pitching: LHP Jon Ray
Batting: RHB Roberto Rios 0-0: Ball
1-0: Foul Ball, location: 2F
1-1: Foul Ball, location: 2F
1-2: Ball
2-2: Ground out 4-3 (Groundball, 4, EV 85.6 MPH)
Batting: LHB Ivan Castillo 0-0: Ball
1-0: Ball
2-0: Called Strike
2-1: Ball
3-1: Foul Ball, location: 2F
3-2: Base on Balls
Batting: RHB Carlos Livas 0-0: Ball
1-0: SINGLE (Line Drive, 34D, EV 97.5 MPH)
Ivan Castillo to second
Runner from 2nd tries for 3rd, SAFE, throw by RF made to third
Batting: RHB Yutaka Yamane 0-0: Ball
1-0: Ball
2-0: Ball
3-0: Base on Balls
Carlos Livas to second
Batting: RHB Wilson Salgado 0-0: SINGLE (Line Drive, 4M, EV 103.1 MPH)
Ivan Castillo scores
Carlos Livas to third
Yutaka Yamane to second
Batting: RHB James Anderson 0-0: Ball
1-0: Called Strike
1-1: Swinging Strike
1-2: Ball
Passed Ball!
Carlos Livas scores
Yutaka Yamane to third
Wilson Salgado to second
2-2: Foul Ball, location: 2F
2-2: Foul Ball, location: 2F
2-2: Ball
3-2: Strikes out swinging
Batting: RHB Alex Guerra 0-0: SINGLE (Line Drive, 89S, EV 98.8 MPH)
Yutaka Yamane scores
Wilson Salgado to third
Runner from 3rd tries for Home, throw by RF and OUT! 9-2
Top of the 1st over - 3 runs, 3 hits, 0 errors, 1 left on base; Americus 3 - Portland 0
BOTTOM OF THE 1ST
Portland Angels batting - Pitching for Americus Braves : LHP Bahrom Mohammad
Pitching: LHP Bahrom Mohammad
Batting: RHB Carlos Gonzales 0-0: Fly out, F8 (Flyball, 8LD, EV 86.2 MPH)
Batting: RHB Alex Rosaly 0-0: Ball
1-0: Ball
2-0: Swinging Strike
2-1: Called Strike
2-2: Fly out, F4 (Popup, 34, EV 71.2 MPH)
Batting: LHB Ramon Garduno 0-0: Called Strike
0-1: Ball
1-1: Swinging Strike
1-2: Foul Ball, location: 2F
1-2: Ball
2-2: Strikes out swinging
Bottom of the 1st over - 0 runs, 0 hits, 0 errors, 0 left on base; Americus 3 - Portland 0
TOP OF THE 2ND
Americus Braves batting - Pitching for Portland Angels : LHP Jon Ray
Batting: RHB Bart Stevensdick 0-0: Called Strike
0-1: Ball
1-1: Ball
2-1: Called Strike
2-2: Strikes out swinging
Batting: RHB Aaron Sartini 0-0: Ball
1-0: Ball
2-0: Foul Ball, location: 2F
2-1: Foul Ball, location: 2F
2-2: Ground out 6-3 (Groundball, 6, EV 90.0 MPH)
Batting: RHB Roberto Rios 0-0: Called Strike
0-1: Foul Ball, location: 2F
0-2: Ball
1-2: Ball
2-2: Ball
3-2: Fly out, F8 (Flyball, 8RD, EV 108.1 MPH)
Top of the 2nd over - 0 runs, 0 hits, 0 errors, 0 left on base; Americus 3 - Portland 0
BOTTOM OF THE 2ND
Portland Angels batting - Pitching for Americus Braves : LHP Bahrom Mohammad
Batting: SHB Yuya Hirata 0-0: Ball
1-0: Foul Ball, location: 2F
1-1: Ball
2-1: Swinging Strike
2-2: Strikes out looking
Batting: RHB Arnaud Derosiers 0-0: Ball
1-0: Swinging Strike
1-1: Fly out, F9 (Line Drive, 89D, EV 94.4 MPH)
Batting: LHB Kevin Feldman 0-0: Ball
1-0: Ball
2-0: Ground out 6-3 (Groundball, 6, EV 108.1 MPH)
Bottom of the 2nd over - 0 runs, 0 hits, 0 errors, 0 left on base; Americus 3 - Portland 0
TOP OF THE 3RD
Americus Braves batting - Pitching for Portland Angels : LHP Jon Ray
Batting: LHB Ivan Castillo 0-0: Ball
1-0: Ball
2-0: Fly out, F9 (Flyball, 9LD, EV 82.5 MPH)
Batting: RHB Carlos Livas 0-0: Called Strike
0-1: Ball
1-1: Ball
2-1: Fly out, F8 (Flyball, 8RXD, EV 98.1 MPH)
Batting: RHB Yutaka Yamane 0-0: Ball
1-0: Foul Ball, location: 2F
1-1: Foul Ball, location: 2F
1-2: Ball
2-2: Ground out 4-3 (Groundball, 4, EV 103.8 MPH)
Top of the 3rd over - 0 runs, 0 hits, 0 errors, 0 left on base; Americus 3 - Portland 0
BOTTOM OF THE 3RD
Portland Angels batting - Pitching for Americus Braves : LHP Bahrom Mohammad
Batting: RHB Fernando Sosa 0-0: Called Strike
0-1: Ground out U3 (Groundball, 34, EV 86.9 MPH)
Batting: RHB Dan Contreras 0-0: Called Strike
0-1: Swinging Strike
0-2: Strikes out swinging
Batting: RHB Mario Martinez 0-0: Ball
1-0: Ball
2-0: Ball
3-0: Called Strike
3-1: Foul Ball, location: 2F
3-2: Foul Ball, location: 2F
3-2: Foul Ball, location: 2F
3-2: Ground out U3 (Groundball, 3, EV 90.0 MPH)
Bottom of the 3rd over - 0 runs, 0 hits, 0 errors, 0 left on base; Americus 3 - Portland 0
TOP OF THE 4TH
Americus Braves batting - Pitching for Portland Angels : LHP Jon Ray
Batting: RHB Wilson Salgado 0-0: Ball
1-0: Fly out, F7 (Flyball, 78M, EV 88.8 MPH)
Batting: RHB James Anderson 0-0: Called Strike
0-1: Foul Ball, location: 2F
0-2: Ball
1-2: Ball
2-2: Foul Ball, location: 2F
2-2: Fly out, F9 (Flyball, 89S, EV 78.8 MPH)
Batting: RHB Alex Guerra 0-0: Swinging Strike
0-1: Ball
1-1: Ball
2-1: Reached on error, E5 (Groundball, 56S, EV 65.6 MPH)
Batting: RHB Bart Stevensdick 0-0: Foul Ball, location: 2F
0-1: Foul Ball, location: 2F
0-2: Ball
1-2: Ball
2-2: Ball
3-2: Strikes out swinging
Top of the 4th over - 0 runs, 0 hits, 1 error, 1 left on base; Americus 3 - Portland 0
BOTTOM OF THE 4TH
Portland Angels batting - Pitching for Americus Braves : LHP Bahrom Mohammad
Batting: RHB Carlos Gonzales 0-0: Called Strike
0-1: Swinging Strike
0-2: Ball
1-2: Ball
2-2: Strikes out looking
Batting: RHB Alex Rosaly 0-0: Swinging Strike
0-1: Ball
1-1: Swinging Strike
1-2: Strikes out swinging
Batting: LHB Ramon Garduno 0-0: Ball
1-0: Ball
2-0: Swinging Strike
2-1: Called Strike
2-2: Strikes out looking
Bottom of the 4th over - 0 runs, 0 hits, 0 errors, 0 left on base; Americus 3 - Portland 0
TOP OF THE 5TH
Americus Braves batting - Pitching for Portland Angels : LHP Jon Ray
Batting: RHB Aaron Sartini 0-0: Fly out, F8 (Flyball, 8LD, EV 78.8 MPH)
Batting: RHB Roberto Rios 0-0: Ball
1-0: Ball
2-0: Fly out, F5 (Popup, 25F, EV 86.9 MPH)
Batting: LHB Ivan Castillo 0-0: Ball
1-0: Ball
2-0: Foul Ball, location: 2F
2-1: SINGLE (Groundball, P, EV 87.5 MPH) (infield hit)
Pitching: RHP Austin Reitz
Batting: RHB Carlos Livas 0-0: Called Strike
Ivan Castillo steals 2nd base
0-1: Foul Ball, location: 2F
0-2: Strikes out looking
Top of the 5th over - 0 runs, 1 hit, 0 errors, 1 left on base; Americus 3 - Portland 0
BOTTOM OF THE 5TH
Portland Angels batting - Pitching for Americus Braves : LHP Bahrom Mohammad
Batting: SHB Yuya Hirata 0-0: Ball
1-0: Ball
2-0: Ground out 6-3 (Groundball, 56, EV 107.5 MPH)
Batting: RHB Arnaud Derosiers 0-0: Foul Ball, location: 2F
0-1: Ball
1-1: Foul Ball, location: 2F
1-2: Ball
2-2: Foul Ball, location: 2F
2-2: Strikes out swinging
Batting: LHB Kevin Feldman 0-0: Called Strike
0-1: Ball
1-1: Foul Ball, location: 2F
1-2: Ball
2-2: Ball
3-2: Base on Balls
Batting: RHB Fernando Sosa 0-0: Called Strike
0-1: Ball
1-1: Ground out 5-3 (Groundball, 5S, EV 84.4 MPH)
Bottom of the 5th over - 0 runs, 0 hits, 0 errors, 1 left on base; Americus 3 - Portland 0
TOP OF THE 6TH
Americus Braves batting - Pitching for Portland Angels : RHP Austin Reitz
Batting: RHB Yutaka Yamane 0-0: TRIPLE (Line Drive, 89XD, EV 102.5 MPH)
Batting: RHB Wilson Salgado 0-0: Swinging Strike
0-1: Ball
1-1: Ball
2-1: Ball
3-1: Base on Balls
Batting: RHB James Anderson 0-0: Ball
1-0: Foul Ball, location: 2F
1-1: Ball
Wilson Salgado steals 2nd base
2-1: Ball
Passed Ball!
Yutaka Yamane scores
Wilson Salgado to third
3-1: Base on Balls
Batting: RHB Alex Guerra 0-0: Ball
1-0: Called Strike
1-1: Ball
2-1: Swinging Strike
2-2: Foul Ball, location: 2F
2-2: Ball
3-2: Foul Ball, location: 2F
3-2: 3-RUN HOME RUN (Line Drive, 78XD, EV 99.4 MPH), Distance : 373 ft
Pitching: RHP Victor Padilla
Batting: RHB Bart Stevensdick 0-0: SINGLE (Line Drive, 78M, EV 85.0 MPH)
Batting: RHB Aaron Sartini 0-0: Called Strike
0-1: Ball
1-1: Ball
2-1: Fly out, F8 (Flyball, 8LS, EV 90.0 MPH)
Batting: RHB Roberto Rios 0-0: DOUBLE (Line Drive, 9LM, EV 98.8 MPH)
Bart Stevensdick to third
Batting: LHB Ivan Castillo 0-0: Called Strike
0-1: Ball
1-1: Reached on error, E1 (Groundball, 13S, EV 66.2 MPH)
Bart Stevensdick scores
Roberto Rios scores
Batting: RHB Carlos Livas 0-0: SINGLE (Groundball, 6M, EV 103.1 MPH) (infield hit)
Ivan Castillo to third
Batting: RHB Yutaka Yamane 0-0: Called Strike
0-1: Swinging Strike
0-2: SINGLE (Groundball, 56D, EV 96.2 MPH)
Ivan Castillo scores
Carlos Livas to second
Batting: RHB Wilson Salgado 0-0: Called Strike
0-1: Fly out, F9 (Line Drive, 89M, EV 108.1 MPH)
Batting: RHB James Anderson 0-0: Called Strike
0-1: Ball
Passed Ball!
Carlos Livas to third
Yutaka Yamane to second
1-1: Called Strike
1-2: Ground out U3 (Groundball, 3, EV 101.2 MPH)
Top of the 6th over - 7 runs, 6 hits, 1 error, 2 left on base; Americus 10 - Portland 0
BOTTOM OF THE 6TH
Portland Angels batting - Pitching for Americus Braves : LHP Bahrom Mohammad
Batting: RHB Dan Contreras 0-0: Ground out 6-3 (Groundball, 6, EV 101.2 MPH)
Batting: RHB Mario Martinez 0-0: Ball
1-0: Ball
2-0: Called Strike
2-1: Foul Ball, location: 2F
2-2: Strikes out swinging
Batting: RHB Carlos Gonzales 0-0: Called Strike
0-1: Ball
1-1: Ball
2-1: Foul Ball, location: 2F
2-2: Foul Ball, location: 2F
2-2: Ball
3-2: Strikes out swinging
Bottom of the 6th over - 0 runs, 0 hits, 0 errors, 0 left on base; Americus 10 - Portland 0
TOP OF THE 7TH
Americus Braves batting - Pitching for Portland Angels : RHP Victor Padilla
Batting: RHB Alex Guerra 0-0: Ground out 6-3 (Groundball, 6MS, EV 71.9 MPH)
Batting: RHB Bart Stevensdick 0-0: Swinging Strike
0-1: Ball
1-1: Ball
2-1: Reached on error, E6 (Groundball, 6, EV 99.4 MPH)
Batting: RHB Aaron Sartini 0-0: Called Strike
0-1: Ball
1-1: Foul Ball, location: 2F
1-2: Foul Ball, location: 2F
1-2: Strikes out looking
Batting: RHB Roberto Rios 0-0: Ball
1-0: SINGLE (Groundball, 4M, EV 88.8 MPH) (infield hit)
Bart Stevensdick to third
Batting: LHB Ivan Castillo 0-0: Called Strike
0-1: Swinging Strike
Passed Ball!
Bart Stevensdick scores
Roberto Rios to second
0-2: Ball
1-2: Ball
Passed Ball!
Roberto Rios to third
2-2: Strikes out swinging
Top of the 7th over - 1 run, 1 hit, 1 error, 1 left on base; Americus 11 - Portland 0
BOTTOM OF THE 7TH
Portland Angels batting - Pitching for Americus Braves : LHP Bahrom Mohammad
Batting: RHB Alex Rosaly 0-0: Ball
1-0: DOUBLE (Line Drive, 9LD, EV 97.5 MPH)
Batting: LHB Ramon Garduno 0-0: Ball
1-0: Called Strike
1-1: Foul Ball, location: 2F
1-2: Strikes out swinging
Batting: SHB Yuya Hirata 0-0: Ball
1-0: Ball
2-0: Ground out 6-3 (Groundball, 6, EV 88.1 MPH)
Alex Rosaly to third
Batting: RHB Arnaud Derosiers 0-0: Called Strike
0-1: Ball
1-1: Ball
2-1: Foul Ball, location: 2F
2-2: Fly out, F4 (Popup, 3D, EV 57.5 MPH)
Bottom of the 7th over - 0 runs, 1 hit, 0 errors, 1 left on base; Americus 11 - Portland 0
TOP OF THE 8TH
Americus Braves batting - Pitching for Portland Angels : RHP Victor Padilla
Batting: RHB Carlos Livas 0-0: Swinging Strike
0-1: Hit by Pitch
Batting: RHB Yutaka Yamane 0-0: Called Strike
0-1: Foul Ball, location: 2F
0-2: Ball
1-2: Strikes out swinging
Batting: RHB Wilson Salgado 0-0: Ball
1-0: Ball
2-0: Called Strike
2-1: Foul Ball, location: 2F
2-2: Strikes out swinging
Pitching: RHP Javier Carrasco
Batting: RHB James Anderson 0-0: Ball
1-0: DOUBLE (Line Drive, 9LS, EV 103.1 MPH)
Carlos Livas to third
Batting: RHB Alex Guerra 0-0: Called Strike
0-1: Foul Ball, location: 2F
0-2: Ball
1-2: Ball
2-2: Ball
Wild Pitch!
Carlos Livas scores
James Anderson to third
3-2: Foul Ball, location: 2F
3-2: Strikes out swinging, 2-3 out at first.
Top of the 8th over - 1 run, 1 hit, 0 errors, 1 left on base; Americus 12 - Portland 0
BOTTOM OF THE 8TH
Portland Angels batting - Pitching for Americus Braves : LHP Bahrom Mohammad
Batting: LHB Kevin Feldman 0-0: Ball
1-0: Called Strike
1-1: Ball
2-1: Swinging Strike
2-2: Strikes out swinging
Batting: RHB Fernando Sosa 0-0: Called Strike
0-1: SINGLE (Line Drive, 56, EV 96.9 MPH)
Batting: RHB Dan Contreras 0-0: Foul Ball, location: 2F
0-1: Foul Ball, location: 2F
0-2: Foul Ball, location: 2F
0-2: Strikes out swinging
Batting: RHB Mario Martinez 0-0: Ball
1-0: Called Strike
1-1: SINGLE (Line Drive, 7S, EV 94.4 MPH)
Fernando Sosa to second
Batting: RHB Carlos Gonzales 0-0: Ball
1-0: Fly out, F8 (Flyball, 8LD, EV 100.0 MPH)
Bottom of the 8th over - 0 runs, 2 hits, 0 errors, 2 left on base; Americus 12 - Portland 0
TOP OF THE 9TH
Americus Braves batting - Pitching for Portland Angels : RHP Javier Carrasco
Pinch Hitting: RHB Danny Dimas 0-0: Called Strike
0-1: Called Strike
0-2: Foul Ball, location: 2F
0-2: Ball
1-2: Ball
2-2: DOUBLE (Line Drive, 9LM, EV 104.4 MPH)
Pinch Hitting: RHB Paul Holland 0-0: Called Strike
0-1: Ball
1-1: Called Strike
1-2: Strikes out swinging
Batting: RHB Roberto Rios 0-0: Called Strike
0-1: Ball
1-1: Ball
Passed Ball!
Danny Dimas to third
2-1: Foul Ball, location: 2F
2-2: Ball
3-2: Foul Ball, location: 2F
3-2: Strikes out looking
Batting: LHB Ivan Castillo 0-0: SINGLE (Line Drive, 4M, EV 98.1 MPH)
Danny Dimas scores
Batting: RHB Carlos Livas 0-0: Swinging Strike
0-1: Foul Ball, location: 2F
0-2: Strikes out swinging
Top of the 9th over - 1 run, 2 hits, 0 errors, 1 left on base; Americus 13 - Portland 0
BOTTOM OF THE 9TH
Portland Angels batting - Pitching for Americus Braves : LHP Bahrom Mohammad
Now at 2B: Paul Holland
Now in RF: Danny Dimas
Batting: RHB Alex Rosaly 0-0: Called Strike
0-1: Foul Ball, location: 2F
0-2: Strikes out swinging
Batting: LHB Ramon Garduno 0-0: Fly out, F7 (Line Drive, 7, EV 85.0 MPH)
Batting: SHB Yuya Hirata 0-0: Ball
1-0: Foul Ball, location: 2F
1-1: Ball
2-1: Ball
3-1: Called Strike
3-2: Foul Ball, location: 2F
3-2: Fly out, F9 (Flyball, 89S, EV 79.4 MPH)
Bottom of the 9th over - 0 runs, 0 hits, 0 errors, 0 left on base; Americus 13 - Portland 0
Thursday, December 15th , 2022 - OOTP Baseball 23.9 Build 102